WCHLSIM.com - West Coast Hockey League
html PUBLIC "-//W3C//DTD XHTML 1.0 Transitional//EN" "http://www.w3.org/TR/xhtml1/DTD/xhtml1-transitional.dtd"> WCHL - Game 1019 - SPOKANE KNIGHTS vs SALEM BLACK JAYS

SPOKANE KNIGHTS vs SALEM BLACK JAYS

Created - 13 mars 2024 at 21:07

Goals
1 2 3 T
SPOKANE KNIGHTS 0 2 3 5
SALEM BLACK JAYS 1 1 1 3
Shots
1 2 3 T
SPOKANE KNIGHTS 2 9 7 18
SALEM BLACK JAYS 15 11 14 40

1st period

1. SALEM BLACK JAYS , Joshua Morrissey 9 (Mitchell Marner 42, Mikko Rantanen 44) at 19:29 (PP)

Penalties :
Jonathon Merrill (SPO) for Holding (Minor) at 10:09, Joseph Veleno (SPO) for Elbowing (Minor) at 15:23, Joseph Veleno (SPO) for Slashing (Minor) at 17:56

2nd period

2. SPOKANE KNIGHTS , Corey Perry 8 (Anthony Cirelli 23, Chad Ruhwedel 9) at 10:40 (PP)
3. SALEM BLACK JAYS , Mikko Rantanen 25 (Mitchell Marner 43, Dylan Larkin 35) at 11:21
4. SPOKANE KNIGHTS , Shane Pinto 15 (Cole Sillinger 8) at 16:05

Penalties :
Chad Ruhwedel (SPO) for Roughing (Minor) at 2:25, Maxime Comtois (SAL) for High sticking (Minor) at 10:00

3rd period

5. SALEM BLACK JAYS , Mitchell Marner 44 (Nick Jensen 15) at 7:12
6. SPOKANE KNIGHTS , Logan O'Connor 5 (Evan Bouchard 19) at 7:24
7. SPOKANE KNIGHTS , Anthony Cirelli 19 (Jonathon Merrill 7) at 14:44
8. SPOKANE KNIGHTS , Lias Andersson 3 (Anthony Duclair 5, Chad Ruhwedel 10) at 19:46 (Empty Net)

Penalties :
No Penalty

Goalie Stats

Frederik Andersen (SPO), 37 saves from 40 shots - (0,925), W, 14-15-6, 60:00 minutes
Anthony Stolarz (SAL), 13 saves from 17 shots - (0,765), L, 3-2-1, 59:30 minutes

Players Stats for SPOKANE KNIGHTS

Player Name              G  A  P  +/- PIM S  H  SB GA TA FO     MP     PP MP  PK MP  
------------------------------------------------------------------------------------
Anthony Cirelli          1  1  2   0  0   1  0  1  0  0  5/9    22:07   0:40   3:47 
Anthony Duclair          0  1  1   2  0   0  0  0  0  0  0/0     9:33   0:00   0:10 
Callan Foote             0  0  0   1  0   0  1  1  0  0  0/0    21:53   0:40   4:24 
Chad Ruhwedel            0  2  2   2  2   0  5  2  0  0  0/0    16:35   0:40   3:14 
Cole Sillinger           0  1  1   1  0   2  0  0  0  0  1/1    10:08   0:00   1:05 
Corey Perry              1  0  1   0  0   2  3  0  0  0  0/2    18:20   0:40   0:00 
David Jiricek            0  0  0  -1  0   0  1  0  0  0  0/0    22:00   0:00   1:21 
Evan Bouchard            0  1  1   1  0   3  3  1  0  0  0/0    21:36   0:00   3:22 
Jacob Larsson            0  0  0  -1  0   0  1  0  0  0  0/0    17:22   0:00   0:55 
Jonathon Merrill         0  1  1   2  2   1  2  0  0  0  0/0    20:32   0:00   1:44 
Joseph Veleno            0  0  0   0  4   1  6  0  0  0  15/27  18:18   0:40   0:00 
Kevin Rooney             0  0  0  -1  0   0  1  0  0  0  1/1     8:56   0:00   0:00 
Kevin Stenlund           0  0  0  -1  0   1  0  0  0  0  0/0     8:56   0:00   0:00 
Lias Andersson           1  0  1   2  0   1  0  0  0  0  0/2    16:11   0:00   0:00 
Logan O'Connor           1  0  1   2  0   1  3  0  0  0  0/0    19:10   0:00   2:59 
Nicklas Backstrom        0  0  0   1  0   2  0  0  0  0  8/14   19:51   0:00   4:00 
Quinton Byfield          0  0  0  -1  0   1  0  0  0  0  7/12    8:56   0:00   0:00 
Shane Pinto              1  0  1   1  0   2  0  0  0  0  7/14   12:02   0:00   2:59 

Players Stats for SALEM BLACK JAYS

Player Name              G  A  P  +/- PIM S  H  SB GA TA FO     MP     PP MP  PK MP  
------------------------------------------------------------------------------------
Barrett Hayton           0  0  0  -1  0   2  7  0  0  0  1/2    19:31   3:25   0:16 
Cody Ceci                0  0  0  -2  0   0  0  1  0  0  0/0    21:07   4:02   0:00 
Colin Miller             0  0  0   0  0   0  2  0  0  0  0/0    11:56   0:00   0:00 
Daniel Sprong            0  0  0  -1  0   3  0  0  0  0  1/5    16:02   0:00   0:00 
Dylan Cozens             0  0  0  -1  0   2  0  0  0  0  10/17  16:55   0:37   0:16 
Dylan Larkin             0  1  1   0  0   2  2  0  0  0  17/28  23:23   3:25   0:00 
Josh Archibald           0  0  0  -1  0   0  2  0  0  0  0/1    12:22   0:00   0:24 
Josh Brown               0  0  0   0  0   0  0  2  0  0  0/0     4:27   0:00   0:00 
Joshua Morrissey         1  0  1   0  0   2  1  2  0  0  0/0    22:30   3:28   0:40 
Marcus Bjork             0  0  0   0  0   0  0  1  0  0  0/0     4:27   0:00   0:00 
Martin Necas             0  0  0   0  0   5  0  0  0  0  0/1    19:29   3:25   0:24 
Mathew Barzal            0  0  0  -1  0   4  2  0  0  0  9/27   19:18   3:28   0:00 
Matt Benning             0  0  0   0  0   0  1  0  0  0  0/0    11:56   0:00   0:00 
Maxime Comtois           0  0  0  -1  2   0  0  0  0  0  0/0     4:13   0:00   0:00 
Mikko Rantanen           1  1  2   0  0   11 5  0  0  0  0/0    24:03   4:05   0:00 
Mitchell Marner          1  2  3   0  0   7  0  0  0  0  0/1    24:03   4:05   0:00 
Nick Jensen              0  1  1   0  0   1  2  0  0  0  0/0    22:30   3:28   0:40 
Scott Mayfield           0  0  0  -2  0   1  0  1  0  0  0/0    21:07   4:02   0:00 

3 Stars

1 - Logan O'Connor (SPO)
2 - Chad Ruhwedel (SPO)
3 - Mikko Rantanen (SAL)

Power Play

SPOKANE KNIGHTS - 1 on 1 Attempt(s) - 100,00%
SALEM BLACK JAYS - 1 on 4 Attempt(s) - 25,00%

Penalty Kill

SPOKANE KNIGHTS - 3 on 4 Attempt(s) - 75,00% - Score 0 goal in Penalty Kill
SALEM BLACK JAYS - 0 on 1 Attempt(s) - 0,00% - Score 0 goal in Penalty Kill

Team Stat

SPOKANE KNIGHTS - Hits : 26 - Faceoff Wins : 44 - Blocked Shots : 5 - Penalty Minutes : 8
SALEM BLACK JAYS - Hits : 24 - Faceoff Wins : 38 - Blocked Shots : 7 - Penalty Minutes : 2

Official

Referees : Tim Peel and Brandon Schrader
Linesman : Tony Sericolo and Scott Driscoll

Game Notes

Lias Andersson has scored in a empty net!

Finance

Level 1 -- Attendance: 6000 (100,00%) -- Ticket Income 918 000 $
Level 2 -- Attendance: 5000 (100,00%) -- Ticket Income 535 000 $
Level 3 -- Attendance: 2000 (100,00%) -- Ticket Income 162 000 $
Level 4 -- Attendance: 4000 (100,00%) -- Ticket Income 232 000 $
Luxury Box -- Attendance: 1000 (100,00%) -- Ticket Income 278 000 $
Game was played at the Demon Arena.
Total Attendance: 18000 (100,00%)
Total Ticket Income: 2 125 000 $
Other Expense: 21 250 $
Total Income: 2 103 750 $

SPOKANE KNIGHTS

5 vs 5 Forward 
   Center                   Left Wing                Right Wing               Time % Phy DF OF 
 1 Joseph Veleno            Anthony Cirelli          Corey Perry              40     1   2  2  
 2 Nicklas Backstrom        Lias Andersson           Logan O'Connor           30     1   2  2  
 3 Shane Pinto              Cole Sillinger           Anthony Duclair          15     1   2  2  
 4 Quinton Byfield          Kevin Stenlund           Kevin Rooney             15     1   2  2  

5 vs 5 Defense 
   Defense                  Defense                                           Time % Phy DF OF 
 1 Evan Bouchard            Jonathon Merrill                                  35     1   2  2  
 2 Chad Ruhwedel            Callan Foote                                      30     1   2  2  
 3 David Jiricek            Jacob Larsson                                     20     1   2  2  
 4 Callan Foote             David Jiricek                                     15     1   2  2  

PowerPlay Forward 
   Center                   Left Wing                Right Wing               Time % Phy DF OF 
 1 Nicklas Backstrom        Anthony Duclair          Logan O'Connor           55     1   2  2  
 2 Anthony Cirelli          Lias Andersson           Corey Perry              45     1   2  2  

PowerPlay Defense
   Defense                  Defense                                           Time % Phy DF OF 
 1 Jacob Larsson            David Jiricek                                     60     1   2  2  
 2 Chad Ruhwedel            Callan Foote                                      40     1   2  2  

Penalty Kill 4 Players Forward 
   Center                   Wing                     Time % Phy DF OF 
 1 Anthony Cirelli          Nicklas Backstrom        60     1   2  2  
 2 Shane Pinto              Logan O'Connor           40     1   2  2  

Penalty Kill 4 Players Defense
   Defense                  Defense                  Time % Phy DF OF 
 1 Evan Bouchard            Jonathon Merrill         60     1   2  2  
 2 Chad Ruhwedel            Callan Foote             40     1   2  2  

Penalty Kill - 3 Players Forward 
   Forward                                           Time % Phy DF OF 
 1 Anthony Cirelli                                   55     1   2  2  
 2 Nicklas Backstrom                                 45     1   2  2  

Penalty Kill - 3 Players Defense
   Defense                  Defense                  Time % Phy DF OF 
 1 Evan Bouchard            Jonathon Merrill         55     1   2  2  
 2 Chad Ruhwedel            Callan Foote             45     1   2  2  

4 vs 4 Forward 
   Center                   Wing                     Time % Phy DF OF 
 1 Anthony Cirelli          Nicklas Backstrom        55     1   2  2  
 2 Shane Pinto              Logan O'Connor           45     1   2  2  

4 vs 4 Defense
   Defense                  Defense                  Time % Phy DF OF 
 1 Evan Bouchard            Jonathon Merrill         55     1   2  2  
 2 Chad Ruhwedel            Callan Foote             45     1   2  2  

Last Minutes Offensive
   Center                   Left Wing                Right Wing               Defense                  Defense                  
   Lias Andersson           Anthony Duclair          Logan O'Connor           David Jiricek            Jonathon Merrill         

Last Minutes Defensive
   Center                   Left Wing                Right Wing               Defense                  Defense                  
   Lias Andersson           Anthony Duclair          Logan O'Connor           David Jiricek            Jonathon Merrill         

Goaltenders
Starting : Frederik Andersen        
Backup : Matthew Murray           

Extra Forwards
Normal : Joseph Veleno, Kevin Stenlund, Cole Sillinger - PP : Joseph Veleno, Kevin Stenlund - PK : Cole Sillinger
Extra Defensemen
Normal : David Jiricek, Jacob Larsson, Chad Ruhwedel - PP : David Jiricek - PK : Jacob Larsson, Chad Ruhwedel
Penalty Shots
Anthony Cirelli, Nicklas Backstrom, Shane Pinto, Logan O'Connor, Corey Perry
Custom OT Lines Forwards
Anthony Cirelli, Nicklas Backstrom, Shane Pinto, Logan O'Connor, Corey Perry, Quinton Byfield, Joseph Veleno, Kevin Stenlund, Cole Sillinger, Anthony Duclair
Custom OT Lines Defensemen
Evan Bouchard, Jonathon Merrill, Chad Ruhwedel, Callan Foote, David Jiricek

Scratches
Derrick Pouliot (Left Eye Injury), Rasmus Kupari (Healthy)

SALEM BLACK JAYS

5 vs 5 Forward 
   Center                   Left Wing                Right Wing               Time % Phy DF OF 
 1 Dylan Larkin             Mikko Rantanen           Mitchell Marner          36     1   2  2  
 2 Mathew Barzal            Barrett Hayton           Martin Necas             31     1   2  2  
 3 Dylan Cozens             Daniel Sprong            Josh Archibald           23     1   2  2  
 4 Dylan Cozens             Maxime Comtois           Daniel Sprong            10     1   2  2  

5 vs 5 Defense 
   Defense                  Defense                                           Time % Phy DF OF 
 1 Joshua Morrissey         Nick Jensen                                       36     1   2  2  
 2 Cody Ceci                Scott Mayfield                                    31     1   2  2  
 3 Matt Benning             Colin Miller                                      23     1   2  2  
 4 Josh Brown               Marcus Bjork                                      10     1   2  2  

PowerPlay Forward 
   Center                   Left Wing                Right Wing               Time % Phy DF OF 
 1 Mathew Barzal            Mikko Rantanen           Mitchell Marner          55     1   2  2  
 2 Dylan Larkin             Barrett Hayton           Martin Necas             45     1   2  2  

PowerPlay Defense
   Defense                  Defense                                           Time % Phy DF OF 
 1 Joshua Morrissey         Nick Jensen                                       55     1   2  2  
 2 Cody Ceci                Scott Mayfield                                    45     1   2  2  

Penalty Kill 4 Players Forward 
   Center                   Wing                     Time % Phy DF OF 
 1 Martin Necas             Josh Archibald           55     1   2  2  
 2 Dylan Cozens             Barrett Hayton           45     1   2  2  

Penalty Kill 4 Players Defense
   Defense                  Defense                  Time % Phy DF OF 
 1 Joshua Morrissey         Nick Jensen              55     1   2  2  
 2 Cody Ceci                Scott Mayfield           45     1   2  2  

Penalty Kill - 3 Players Forward 
   Forward                                           Time % Phy DF OF 
 1 Dylan Cozens                                      55     1   2  2  
 2 Martin Necas                                      45     1   2  2  

Penalty Kill - 3 Players Defense
   Defense                  Defense                  Time % Phy DF OF 
 1 Joshua Morrissey         Nick Jensen              55     1   2  2  
 2 Cody Ceci                Scott Mayfield           45     1   2  2  

4 vs 4 Forward 
   Center                   Wing                     Time % Phy DF OF 
 1 Mitchell Marner          Dylan Larkin             55     1   2  2  
 2 Martin Necas             Mathew Barzal            45     1   2  2  

4 vs 4 Defense
   Defense                  Defense                  Time % Phy DF OF 
 1 Joshua Morrissey         Nick Jensen              55     1   2  2  
 2 Cody Ceci                Scott Mayfield           45     1   2  2  

Last Minutes Offensive
   Center                   Left Wing                Right Wing               Defense                  Defense                  
   Dylan Larkin             Mikko Rantanen           Mitchell Marner          Joshua Morrissey         Nick Jensen              

Last Minutes Defensive
   Center                   Left Wing                Right Wing               Defense                  Defense                  
   Dylan Larkin             Mikko Rantanen           Mitchell Marner          Joshua Morrissey         Nick Jensen              

Goaltenders
Starting : Anthony Stolarz          
Backup : Juuse Saros              

Extra Forwards
Normal : Dylan Cozens, Barrett Hayton, Maxime Comtois - PP : Dylan Cozens, Maxime Comtois - PK : Maxime Comtois
Extra Defensemen
Normal : Matt Benning, Colin Miller, Josh Brown - PP : Matt Benning - PK : Colin Miller, Josh Brown
Penalty Shots
Mitchell Marner, Dylan Larkin, Martin Necas, Mathew Barzal, Dylan Cozens
Custom OT Lines Forwards
Mitchell Marner, Dylan Larkin, Mikko Rantanen, Mathew Barzal, Dylan Cozens, Martin Necas, Barrett Hayton, Daniel Sprong, Maxime Comtois, Josh Archibald
Custom OT Lines Defensemen
Joshua Morrissey, Nick Jensen, Cody Ceci, Scott Mayfield, Matt Benning

Scratches
Theodor Blueger (Torn Left MCL Injury), Derek Grant (Left Leg Injury), Filip Chytil (Dislocated Patella Injury)

% Time on Ice - SPOKANE KNIGHTS

Lines # - Real PCT - Wanted PCT - Time Play
Normal Forward
1 - 34% - 40% - 17:40
2 - 31% - 30% - 15:51
3 - 18% - 15% - 9:03
4 - 17% - 15% - 8:56
Normal Defense
1 - 36% - 35% - 18:29
2 - 24% - 30% - 12:22
3 - 32% - 20% - 16:27
4 - 8% - 15% - 4:12
PP Forward
1 - 0% - 55% - 0:00
2 - 100% - 45% - 0:40
PP Defense
1 - 0% - 60% - 0:00
2 - 100% - 40% - 0:40
PK Forward
1 - 60% - 60% - 4:31
2 - 40% - 40% - 2:59
PK Defense
1 - 36% - 60% - 2:41
2 - 64% - 40% - 4:49
PK3 Forward
1 - 0% - 55%
2 - 0% - 45%
PK3 Defense
1 - 0% - 55%
2 - 0% - 45%
44 Forward
1 - 0% - 55%
2 - 0% - 45%
44 Defense
1 - 0% - 55%
2 - 0% - 45%
Last Minute Offensive  - 0:00
Last Minute Defensive  - 0:20
Total
Forward - 60:00
Defense - 60:00

% Time on Ice - SALEM BLACK JAYS

Lines # - Real PCT - Wanted PCT - Time Play
Normal Forward
1 - 39% - 36% - 19:58
2 - 30% - 31% - 15:40
3 - 23% - 23% - 11:58
4 - 8% - 10% - 4:04
Normal Defense
1 - 35% - 36% - 18:12
2 - 33% - 31% - 17:05
3 - 23% - 23% - 11:56
4 - 9% - 10% - 4:27
PP Forward
1 - 54% - 55% - 4:05
2 - 46% - 45% - 3:25
PP Defense
1 - 46% - 55% - 3:28
2 - 54% - 45% - 4:02
PK Forward
1 - 60% - 55% - 0:24
2 - 40% - 45% - 0:16
PK Defense
1 - 100% - 55% - 0:40
2 - 0% - 45% - 0:00
PK3 Forward
1 - 0% - 55%
2 - 0% - 45%
PK3 Defense
1 - 0% - 55%
2 - 0% - 45%
44 Forward
1 - 0% - 55%
2 - 0% - 45%
44 Defense
1 - 0% - 55%
2 - 0% - 45%
Last Minute Offensive  - 0:10
Last Minute Defensive  - 0:00
Total
Forward - 60:00
Defense - 60:00

Play-by-Play

1st period


0:01 of 1st period - Joseph Veleno wins face-off versus Dylan Larkin in neutral zone.
0:36 of 1st period - Shot by Mikko Rantanen.
0:36 of 1st period - Stopped by Frederik Andersen with a rebound.
0:38 of 1st period - Shot by Mitchell Marner.
0:38 of 1st period - Stopped by Frederik Andersen without a rebound.
0:39 of 1st period - Nicklas Backstrom wins face-off versus Mathew Barzal in SPOKANE KNIGHTS zone.
0:43 of 1st period - Icing by Nicklas Backstrom.
0:44 of 1st period - Nicklas Backstrom wins face-off versus Dylan Cozens in SPOKANE KNIGHTS zone.
0:56 of 1st period - Daniel Sprong is hit by Logan O'Connor and loses puck.
1:09 of 1st period - Chad Ruhwedel is hit by Josh Archibald and loses puck.
1:15 of 1st period - Dylan Cozens is hit by Chad Ruhwedel and loses puck.
1:54 of 1st period - Martin Necas is hit by Chad Ruhwedel and loses puck.
2:23 of 1st period - Shot by Mathew Barzal.
2:23 of 1st period - Shot Blocked by Callan Foote.
2:25 of 1st period - Shot by Mathew Barzal.
2:25 of 1st period - Stopped by Frederik Andersen without a rebound.
2:26 of 1st period - Shane Pinto wins face-off versus Dylan Larkin in SPOKANE KNIGHTS zone.
2:26 of 1st period - Anthony Duclair is hit by Dylan Larkin and loses puck.
2:45 of 1st period - Shot by Mitchell Marner.
2:45 of 1st period - Shot Misses the Net.
2:47 of 1st period - Shot by Mikko Rantanen.
2:47 of 1st period - Stopped by Frederik Andersen without a rebound.
2:48 of 1st period - Joseph Veleno wins face-off versus Mathew Barzal in SPOKANE KNIGHTS zone.
2:48 of 1st period - Anthony Cirelli is hit by Barrett Hayton and loses puck.
2:56 of 1st period - Off-side.
2:57 of 1st period - Dylan Larkin wins face-off versus Quinton Byfield in neutral zone.
3:06 of 1st period - Shot by Mikko Rantanen.
3:06 of 1st period - Stopped by Frederik Andersen with a rebound.
3:09 of 1st period - Icing by Evan Bouchard.
3:10 of 1st period - Daniel Sprong wins face-off versus Quinton Byfield in SPOKANE KNIGHTS zone.
4:00 of 1st period - Off-side.
4:01 of 1st period - Mathew Barzal wins face-off versus Joseph Veleno in neutral zone.
4:03 of 1st period - Off-side.
4:04 of 1st period - Joseph Veleno wins face-off versus Barrett Hayton in neutral zone.
4:19 of 1st period - Shot by Martin Necas.
4:19 of 1st period - Stopped by Frederik Andersen with a rebound.
4:45 of 1st period - Shot by Mathew Barzal.
4:45 of 1st period - Deflect By Barrett Hayton.
4:45 of 1st period - Stopped by Frederik Andersen with a rebound.
5:05 of 1st period - Shot by Mitchell Marner.
5:05 of 1st period - Stopped by Frederik Andersen without a rebound.
5:06 of 1st period - Shane Pinto wins face-off versus Dylan Larkin in SPOKANE KNIGHTS zone.
6:12 of 1st period - Shot by Daniel Sprong.
6:12 of 1st period - Shot Blocked by Chad Ruhwedel.
7:01 of 1st period - Martin Necas is hit by Chad Ruhwedel and loses puck.
7:07 of 1st period - Nicklas Backstrom is hit by Barrett Hayton and loses puck.
7:45 of 1st period - Icing by Matt Benning.
7:46 of 1st period - Dylan Larkin wins face-off versus Corey Perry in SALEM BLACK JAYS zone.
7:46 of 1st period - Dylan Larkin is hit by Joseph Veleno.
8:06 of 1st period - Mikko Rantanen is hit by Jonathon Merrill and loses puck.
8:44 of 1st period - Shot by Anthony Duclair.
8:44 of 1st period - Shot Misses the Net.
9:11 of 1st period - Shot by Dylan Cozens.
9:11 of 1st period - Shot Misses the Net.
10:09 of 1st period - Minor Penalty to Jonathon Merrill for Holding.
10:10 of 1st period - Mathew Barzal wins face-off versus Anthony Cirelli in SPOKANE KNIGHTS zone.
10:31 of 1st period - Shot by Mathew Barzal.
10:31 of 1st period - Shot Misses the Net.
11:18 of 1st period - Evan Bouchard is hit by Barrett Hayton and loses puck.
12:16 of 1st period - Dylan Cozens is hit by Kevin Rooney and loses puck.
12:23 of 1st period - Shot by Quinton Byfield.
12:23 of 1st period - Stopped by Anthony Stolarz without a rebound.
12:24 of 1st period - Shane Pinto wins face-off versus Mathew Barzal in SALEM BLACK JAYS zone.
12:41 of 1st period - Shot by Shane Pinto.
12:41 of 1st period - Stopped by Anthony Stolarz without a rebound.
12:42 of 1st period - Quinton Byfield wins face-off versus Daniel Sprong in SALEM BLACK JAYS zone.
12:45 of 1st period - Shot by Kevin Stenlund.
12:45 of 1st period - Shot Blocked by Josh Brown.
12:47 of 1st period - Shot by Chad Ruhwedel.
12:47 of 1st period - Shot Blocked by Marcus Bjork.
12:49 of 1st period - Shot by Kevin Stenlund.
12:49 of 1st period - Shot Misses the Net.
12:51 of 1st period - Shot by Kevin Stenlund.
12:51 of 1st period - Shot Blocked by Josh Brown.
13:30 of 1st period - Icing by Evan Bouchard.
13:31 of 1st period - Dylan Larkin wins face-off versus Shane Pinto in SPOKANE KNIGHTS zone.
14:06 of 1st period - Shot by Mikko Rantanen.
14:06 of 1st period - Stopped by Frederik Andersen with a rebound.
14:08 of 1st period - Shot by Nick Jensen.
14:08 of 1st period - Shot Misses the Net.
14:15 of 1st period - Shot by Mikko Rantanen.
14:15 of 1st period - Shot Misses the Net.
14:17 of 1st period - Shot by Dylan Larkin.
14:17 of 1st period - Stopped by Frederik Andersen without a rebound.
14:18 of 1st period - Joseph Veleno wins face-off versus Mathew Barzal in SPOKANE KNIGHTS zone.
14:40 of 1st period - Barrett Hayton is hit by Jacob Larsson and loses puck.
14:49 of 1st period - Anthony Cirelli is hit by Barrett Hayton and loses puck.
15:03 of 1st period - Shot by Mathew Barzal.
15:03 of 1st period - Shot Misses the Net.
15:21 of 1st period - Josh Archibald is hit by Corey Perry and loses puck.
15:23 of 1st period - Minor Penalty to Joseph Veleno for Elbowing.
15:24 of 1st period - Cole Sillinger wins face-off versus Mathew Barzal in SPOKANE KNIGHTS zone.
16:22 of 1st period - Scott Mayfield is hit by Logan O'Connor.
16:32 of 1st period - Shot by Barrett Hayton.
16:32 of 1st period - Stopped by Frederik Andersen without a rebound.
16:33 of 1st period - Anthony Cirelli wins face-off versus Dylan Larkin in SPOKANE KNIGHTS zone.
17:04 of 1st period - Shot by Dylan Larkin.
17:04 of 1st period - Stopped by Frederik Andersen without a rebound.
17:05 of 1st period - Mathew Barzal wins face-off versus Shane Pinto in SPOKANE KNIGHTS zone.
17:08 of 1st period - Shot by Mikko Rantanen.
17:08 of 1st period - Deflect By Mitchell Marner.
17:08 of 1st period - Stopped by Frederik Andersen without a rebound.
17:09 of 1st period - Anthony Cirelli wins face-off versus Mathew Barzal in SPOKANE KNIGHTS zone.
17:09 of 1st period - Anthony Cirelli is hit by Mathew Barzal.
17:19 of 1st period - Shot by Mikko Rantanen.
17:19 of 1st period - Shot Misses the Net.
17:23 of 1st period - Shot by Mikko Rantanen.
17:23 of 1st period - Stopped by Frederik Andersen without a rebound.
17:24 of 1st period - Quinton Byfield wins face-off versus Dylan Cozens in SPOKANE KNIGHTS zone.
17:30 of 1st period - Off-side.
17:31 of 1st period - Joseph Veleno wins face-off versus Dylan Larkin in neutral zone.
17:56 of 1st period - Minor Penalty to Joseph Veleno for Slashing.
17:57 of 1st period - Barrett Hayton wins face-off versus Anthony Cirelli in SPOKANE KNIGHTS zone.
18:52 of 1st period - Callan Foote is hit by Mikko Rantanen and loses puck.
19:29 of 1st period - Shot by Joshua Morrissey.
19:29 of 1st period - Goal by Joshua Morrissey - SPOKANE KNIGHTS : 0 - SALEM BLACK JAYS : 1.
19:30 of 1st period - Joseph Veleno wins face-off versus Daniel Sprong in neutral zone.
Goals for this period are 0 for SPOKANE KNIGHTS vs 1 for SALEM BLACK JAYS.
Shots for this period are 2 for SPOKANE KNIGHTS vs 15 for SALEM BLACK JAYS.

2nd period


0:01 of 2nd period - Joseph Veleno wins face-off versus Mitchell Marner in neutral zone.
0:48 of 2nd period - Shot by Mikko Rantanen.
0:48 of 2nd period - Stopped by Frederik Andersen without a rebound.
0:49 of 2nd period - Nicklas Backstrom wins face-off versus Mathew Barzal in SPOKANE KNIGHTS zone.
2:02 of 2nd period - Shot by Daniel Sprong.
2:02 of 2nd period - Stopped by Frederik Andersen without a rebound.
2:03 of 2nd period - Quinton Byfield wins face-off versus Dylan Larkin in SPOKANE KNIGHTS zone.
2:03 of 2nd period - Quinton Byfield is hit by Mikko Rantanen.
2:18 of 2nd period - Off-side.
2:19 of 2nd period - Dylan Cozens wins face-off versus Joseph Veleno in neutral zone.
2:19 of 2nd period - Daniel Sprong is hit by Corey Perry and loses puck.
2:25 of 2nd period - Minor Penalty to Chad Ruhwedel for Roughing.
2:26 of 2nd period - Anthony Cirelli wins face-off versus Mathew Barzal in SPOKANE KNIGHTS zone.
2:26 of 2nd period - Anthony Cirelli is hit by Mikko Rantanen.
2:54 of 2nd period - Shot by Nicklas Backstrom.
2:54 of 2nd period - Stopped by Anthony Stolarz with a rebound.
3:25 of 2nd period - Icing by Dylan Larkin.
3:26 of 2nd period - Dylan Larkin wins face-off versus Anthony Cirelli in SALEM BLACK JAYS zone.
4:27 of 2nd period - Icing by Evan Bouchard.
4:28 of 2nd period - Quinton Byfield wins face-off versus Dylan Cozens in SPOKANE KNIGHTS zone.
5:30 of 2nd period - Shot by Mitchell Marner.
5:30 of 2nd period - Stopped by Frederik Andersen without a rebound.
5:31 of 2nd period - Joseph Veleno wins face-off versus Mathew Barzal in SPOKANE KNIGHTS zone.
5:31 of 2nd period - Anthony Cirelli is hit by Barrett Hayton.
5:32 of 2nd period - Icing by Anthony Cirelli.
5:33 of 2nd period - Joseph Veleno wins face-off versus Mathew Barzal in SPOKANE KNIGHTS zone.
5:58 of 2nd period - Shot by Mathew Barzal.
5:58 of 2nd period - Stopped by Frederik Andersen without a rebound.
5:59 of 2nd period - Dylan Larkin wins face-off versus Nicklas Backstrom in SPOKANE KNIGHTS zone.
6:16 of 2nd period - Shot by Mikko Rantanen.
6:16 of 2nd period - Shot Misses the Net.
6:42 of 2nd period - Shot by Mikko Rantanen.
6:42 of 2nd period - Stopped by Frederik Andersen without a rebound.
6:43 of 2nd period - Mathew Barzal wins face-off versus Joseph Veleno in SPOKANE KNIGHTS zone.
6:54 of 2nd period - Shot by Anthony Cirelli.
6:54 of 2nd period - Shot Misses the Net.
6:56 of 2nd period - Shot by Evan Bouchard.
6:56 of 2nd period - Stopped by Anthony Stolarz without a rebound.
6:57 of 2nd period - Dylan Cozens wins face-off versus Shane Pinto in SALEM BLACK JAYS zone.
7:12 of 2nd period - Shot by Daniel Sprong.
7:12 of 2nd period - Deflect By Dylan Cozens.
7:12 of 2nd period - Shot Blocked by Evan Bouchard.
7:28 of 2nd period - Shot by Daniel Sprong.
7:28 of 2nd period - Stopped by Frederik Andersen with a rebound.
8:06 of 2nd period - Shot by Mikko Rantanen.
8:06 of 2nd period - Stopped by Frederik Andersen without a rebound.
8:07 of 2nd period - Mathew Barzal wins face-off versus Lias Andersson in SPOKANE KNIGHTS zone.
9:07 of 2nd period - Shot by Mitchell Marner.
9:07 of 2nd period - Shot Misses the Net.
9:25 of 2nd period - Shot by Dylan Larkin.
9:25 of 2nd period - Shot Misses the Net.
10:00 of 2nd period - Minor Penalty to Maxime Comtois for High sticking.
10:01 of 2nd period - Anthony Cirelli wins face-off versus Martin Necas in SALEM BLACK JAYS zone.
10:24 of 2nd period - Shot by Callan Foote.
10:24 of 2nd period - Deflect By Corey Perry.
10:24 of 2nd period - Stopped by Anthony Stolarz without a rebound.
10:25 of 2nd period - Anthony Cirelli wins face-off versus Dylan Cozens in SALEM BLACK JAYS zone.
10:40 of 2nd period - Shot by Corey Perry.
10:40 of 2nd period - Goal by Corey Perry - SPOKANE KNIGHTS : 1 - SALEM BLACK JAYS : 1.
10:41 of 2nd period - Quinton Byfield wins face-off versus Dylan Larkin in neutral zone.
10:45 of 2nd period - Evan Bouchard is hit by Colin Miller and loses puck.
10:56 of 2nd period - Evan Bouchard is hit by Mikko Rantanen and loses puck.
11:21 of 2nd period - Shot by Mikko Rantanen.
11:21 of 2nd period - Goal by Mikko Rantanen - SPOKANE KNIGHTS : 1 - SALEM BLACK JAYS : 2.
11:22 of 2nd period - Joseph Veleno wins face-off versus Mathew Barzal in neutral zone.
11:48 of 2nd period - Barrett Hayton is hit by Chad Ruhwedel and loses puck.
11:51 of 2nd period - Shot by Cody Ceci.
11:51 of 2nd period - Shot Misses the Net.
11:53 of 2nd period - Shot by Scott Mayfield.
11:53 of 2nd period - Shot Misses the Net.
13:09 of 2nd period - Shot by Anthony Duclair.
13:09 of 2nd period - Shot Blocked by Joshua Morrissey.
13:11 of 2nd period - Shot by Jonathon Merrill.
13:11 of 2nd period - Stopped by Anthony Stolarz without a rebound.
13:12 of 2nd period - Dylan Larkin wins face-off versus Nicklas Backstrom in SALEM BLACK JAYS zone.
13:23 of 2nd period - Shot by Mitchell Marner.
13:23 of 2nd period - Stopped by Frederik Andersen without a rebound.
13:24 of 2nd period - Dylan Larkin wins face-off versus Quinton Byfield in SPOKANE KNIGHTS zone.
14:03 of 2nd period - Mikko Rantanen is hit by Evan Bouchard and loses puck.
15:04 of 2nd period - Shot by Martin Necas.
15:04 of 2nd period - Shot Misses the Net.
15:06 of 2nd period - Shot by Nick Jensen.
15:06 of 2nd period - Stopped by Frederik Andersen with a rebound.
15:28 of 2nd period - Shot by Shane Pinto.
15:28 of 2nd period - Deflect By Cole Sillinger.
15:28 of 2nd period - Shot Misses the Net.
15:30 of 2nd period - Shot by Shane Pinto.
15:30 of 2nd period - Shot Misses the Net.
15:35 of 2nd period - Icing by Cody Ceci.
15:36 of 2nd period - Dylan Cozens wins face-off versus Joseph Veleno in SALEM BLACK JAYS zone.
15:36 of 2nd period - Dylan Cozens is hit by Joseph Veleno.
15:45 of 2nd period - Shot by Anthony Cirelli.
15:45 of 2nd period - Deflect By Joseph Veleno.
15:45 of 2nd period - Stopped by Anthony Stolarz without a rebound.
15:46 of 2nd period - Shane Pinto wins face-off versus Dylan Larkin in SALEM BLACK JAYS zone.
16:05 of 2nd period - Shot by Shane Pinto.
16:05 of 2nd period - Goal by Shane Pinto - SPOKANE KNIGHTS : 2 - SALEM BLACK JAYS : 2.
16:06 of 2nd period - Joseph Veleno wins face-off versus Mathew Barzal in neutral zone.
16:08 of 2nd period - Evan Bouchard is hit by Nick Jensen and loses puck.
16:22 of 2nd period - Shot by Mathew Barzal.
16:22 of 2nd period - Deflect By Martin Necas.
16:22 of 2nd period - Stopped by Frederik Andersen without a rebound.
16:23 of 2nd period - Dylan Larkin wins face-off versus Shane Pinto in SPOKANE KNIGHTS zone.
17:22 of 2nd period - Shot by Evan Bouchard.
17:22 of 2nd period - Stopped by Anthony Stolarz with a rebound.
17:24 of 2nd period - Shot by Anthony Cirelli.
17:24 of 2nd period - Deflect By Corey Perry.
17:24 of 2nd period - Shot Misses the Net.
17:26 of 2nd period - Shot by Evan Bouchard.
17:26 of 2nd period - Stopped by Anthony Stolarz without a rebound.
17:27 of 2nd period - Nicklas Backstrom wins face-off versus Mathew Barzal in SALEM BLACK JAYS zone.
18:02 of 2nd period - Shot by Barrett Hayton.
18:02 of 2nd period - Shot Misses the Net.
18:13 of 2nd period - Barrett Hayton is hit by Jonathon Merrill and loses puck.
18:58 of 2nd period - Shot by Corey Perry.
18:58 of 2nd period - Shot Misses the Net.
19:05 of 2nd period - Anthony Cirelli is hit by Colin Miller and loses puck.
19:27 of 2nd period - Icing by Anthony Cirelli.
19:28 of 2nd period - Joseph Veleno wins face-off versus Dylan Larkin in SPOKANE KNIGHTS zone.
19:49 of 2nd period - Shot by Dylan Larkin.
19:49 of 2nd period - Shot Misses the Net.
Goals for this period are 2 for SPOKANE KNIGHTS vs 1 for SALEM BLACK JAYS.
Shots for this period are 9 for SPOKANE KNIGHTS vs 11 for SALEM BLACK JAYS.

3rd period


0:01 of 3rd period - Dylan Larkin wins face-off versus Anthony Cirelli in neutral zone.
0:10 of 3rd period - Shot by Mikko Rantanen.
0:10 of 3rd period - Shot Misses the Net.
0:20 of 3rd period - Shot by Anthony Cirelli.
0:20 of 3rd period - Shot Blocked by Joshua Morrissey.
0:22 of 3rd period - Shot by Callan Foote.
0:22 of 3rd period - Shot Misses the Net.
0:24 of 3rd period - Shot by Anthony Cirelli.
0:24 of 3rd period - Shot Misses the Net.
0:26 of 3rd period - Shot by Anthony Cirelli.
0:26 of 3rd period - Shot Hit the Post.
0:28 of 3rd period - Shot by Anthony Cirelli.
0:28 of 3rd period - Shot Misses the Net.
0:54 of 3rd period - Anthony Cirelli is hit by Nick Jensen and loses puck.
1:18 of 3rd period - Evan Bouchard is hit by Mathew Barzal and loses puck.
1:48 of 3rd period - Shot by Martin Necas.
1:48 of 3rd period - Shot Misses the Net.
1:50 of 3rd period - Shot by Martin Necas.
1:50 of 3rd period - Deflect By Mathew Barzal.
1:50 of 3rd period - Stopped by Frederik Andersen without a rebound.
1:51 of 3rd period - Dylan Cozens wins face-off versus Quinton Byfield in SPOKANE KNIGHTS zone.
2:11 of 3rd period - Matt Benning is hit by David Jiricek and loses puck.
2:18 of 3rd period - Shot by Daniel Sprong.
2:18 of 3rd period - Shot Misses the Net.
2:20 of 3rd period - Shot by Josh Archibald.
2:20 of 3rd period - Shot Misses the Net.
2:28 of 3rd period - Shot by Daniel Sprong.
2:28 of 3rd period - Shot Misses the Net.
2:30 of 3rd period - Shot by Matt Benning.
2:30 of 3rd period - Shot Misses the Net.
3:37 of 3rd period - Marcus Bjork is hit by Joseph Veleno and loses puck.
4:13 of 3rd period - Off-side.
4:14 of 3rd period - Dylan Cozens wins face-off versus Nicklas Backstrom in neutral zone.
4:21 of 3rd period - Shot by Dylan Cozens.
4:21 of 3rd period - Deflect By Daniel Sprong.
4:21 of 3rd period - Shot Misses the Net.
5:14 of 3rd period - Off-side.
5:15 of 3rd period - Dylan Larkin wins face-off versus Joseph Veleno in neutral zone.
5:36 of 3rd period - Shot by Dylan Larkin.
5:36 of 3rd period - Shot Misses the Net.
5:38 of 3rd period - Shot by Mitchell Marner.
5:38 of 3rd period - Shot Misses the Net.
5:40 of 3rd period - Shot by Mitchell Marner.
5:40 of 3rd period - Stopped by Frederik Andersen without a rebound.
5:41 of 3rd period - Shane Pinto wins face-off versus Mathew Barzal in SPOKANE KNIGHTS zone.
6:02 of 3rd period - Shot by Martin Necas.
6:02 of 3rd period - Shot Misses the Net.
6:35 of 3rd period - Logan O'Connor is hit by Joshua Morrissey and loses puck.
6:46 of 3rd period - Shot by Mikko Rantanen.
6:46 of 3rd period - Shot Misses the Net.
6:53 of 3rd period - Icing by Nick Jensen.
6:54 of 3rd period - Dylan Larkin wins face-off versus Joseph Veleno in SALEM BLACK JAYS zone.
6:54 of 3rd period - Mikko Rantanen is hit by Joseph Veleno and loses puck.
6:58 of 3rd period - Icing by Nick Jensen.
6:59 of 3rd period - Dylan Larkin wins face-off versus Joseph Veleno in SALEM BLACK JAYS zone.
7:12 of 3rd period - Shot by Mitchell Marner.
7:12 of 3rd period - Goal by Mitchell Marner - SPOKANE KNIGHTS : 2 - SALEM BLACK JAYS : 3.
7:13 of 3rd period - Nicklas Backstrom wins face-off versus Dylan Cozens in neutral zone.
7:20 of 3rd period - Cody Ceci is hit by Logan O'Connor.
7:24 of 3rd period - Shot by Logan O'Connor.
7:24 of 3rd period - Goal by Logan O'Connor - SPOKANE KNIGHTS : 3 - SALEM BLACK JAYS : 3.
7:25 of 3rd period - Dylan Larkin wins face-off versus Joseph Veleno in neutral zone.
7:29 of 3rd period - Joshua Morrissey is hit by Chad Ruhwedel and loses puck.
7:48 of 3rd period - Shot by Dylan Larkin.
7:48 of 3rd period - Shot Misses the Net.
8:37 of 3rd period - Shot by Nicklas Backstrom.
8:37 of 3rd period - Stopped by Anthony Stolarz with a rebound.
8:45 of 3rd period - Shot by Dylan Cozens.
8:45 of 3rd period - Stopped by Frederik Andersen without a rebound.
8:46 of 3rd period - Mathew Barzal wins face-off versus Shane Pinto in SPOKANE KNIGHTS zone.
9:19 of 3rd period - Shot by Cole Sillinger.
9:19 of 3rd period - Stopped by Anthony Stolarz without a rebound.
9:20 of 3rd period - Joseph Veleno wins face-off versus Dylan Larkin in SALEM BLACK JAYS zone.
9:44 of 3rd period - Shot by Mikko Rantanen.
9:44 of 3rd period - Deflect By Mitchell Marner.
9:44 of 3rd period - Shot Blocked by Anthony Cirelli.
9:58 of 3rd period - Mitchell Marner is hit by Joseph Veleno and loses puck.
10:30 of 3rd period - Shot by Nicklas Backstrom.
10:30 of 3rd period - Shot Misses the Net.
10:51 of 3rd period - Icing by Nicklas Backstrom.
10:52 of 3rd period - Nicklas Backstrom wins face-off versus Josh Archibald in SPOKANE KNIGHTS zone.
10:52 of 3rd period - Nicklas Backstrom is hit by Josh Archibald.
11:08 of 3rd period - Icing by Logan O'Connor.
11:09 of 3rd period - Nicklas Backstrom wins face-off versus Mathew Barzal in SPOKANE KNIGHTS zone.
11:09 of 3rd period - Nicklas Backstrom is hit by Barrett Hayton.
11:35 of 3rd period - Shot by Martin Necas.
11:35 of 3rd period - Stopped by Frederik Andersen without a rebound.
11:36 of 3rd period - Kevin Rooney wins face-off versus Daniel Sprong in SPOKANE KNIGHTS zone.
12:06 of 3rd period - Icing by Evan Bouchard.
12:07 of 3rd period - Quinton Byfield wins face-off versus Mathew Barzal in SPOKANE KNIGHTS zone.
12:20 of 3rd period - Shot by Martin Necas.
12:20 of 3rd period - Stopped by Frederik Andersen without a rebound.
12:21 of 3rd period - Joseph Veleno wins face-off versus Dylan Larkin in SPOKANE KNIGHTS zone.
12:21 of 3rd period - Joseph Veleno is hit by Dylan Larkin.
12:27 of 3rd period - Shot by Mikko Rantanen.
12:27 of 3rd period - Shot Blocked by Chad Ruhwedel.
12:29 of 3rd period - Shot by Mikko Rantanen.
12:29 of 3rd period - Stopped by Frederik Andersen with a rebound.
12:31 of 3rd period - Shot by Scott Mayfield.
12:31 of 3rd period - Stopped by Frederik Andersen without a rebound.
12:32 of 3rd period - Mathew Barzal wins face-off versus Shane Pinto in SPOKANE KNIGHTS zone.
12:35 of 3rd period - Shot by Martin Necas.
12:35 of 3rd period - Shot Misses the Net.
12:55 of 3rd period - Shot by Cole Sillinger.
12:55 of 3rd period - Stopped by Anthony Stolarz without a rebound.
12:56 of 3rd period - Dylan Cozens wins face-off versus Joseph Veleno in SALEM BLACK JAYS zone.
12:56 of 3rd period - Dylan Cozens is hit by Corey Perry.
13:22 of 3rd period - Shot by Daniel Sprong.
13:22 of 3rd period - Stopped by Frederik Andersen without a rebound.
13:23 of 3rd period - Dylan Larkin wins face-off versus Nicklas Backstrom in SPOKANE KNIGHTS zone.
13:26 of 3rd period - Shot by Mitchell Marner.
13:26 of 3rd period - Shot Misses the Net.
13:28 of 3rd period - Shot by Dylan Larkin.
13:28 of 3rd period - Shot Misses the Net.
13:30 of 3rd period - Shot by Mikko Rantanen.
13:30 of 3rd period - Shot Misses the Net.
13:32 of 3rd period - Shot by Joshua Morrissey.
13:32 of 3rd period - Stopped by Frederik Andersen without a rebound.
13:33 of 3rd period - Shane Pinto wins face-off versus Mathew Barzal in SPOKANE KNIGHTS zone.
14:19 of 3rd period - Shot by Mathew Barzal.
14:19 of 3rd period - Stopped by Frederik Andersen without a rebound.
14:20 of 3rd period - Dylan Larkin wins face-off versus Joseph Veleno in SPOKANE KNIGHTS zone.
14:24 of 3rd period - Mikko Rantanen is hit by Evan Bouchard and loses puck.
14:31 of 3rd period - Cody Ceci is hit by Joseph Veleno and loses puck.
14:44 of 3rd period - Shot by Anthony Cirelli.
14:44 of 3rd period - Goal by Anthony Cirelli - SPOKANE KNIGHTS : 4 - SALEM BLACK JAYS : 3.
14:45 of 3rd period - Nicklas Backstrom wins face-off versus Daniel Sprong in neutral zone.
15:12 of 3rd period - Icing by Jacob Larsson.
15:13 of 3rd period - Dylan Larkin wins face-off versus Lias Andersson in SPOKANE KNIGHTS zone.
15:22 of 3rd period - Shot by Mikko Rantanen.
15:22 of 3rd period - Stopped by Frederik Andersen without a rebound.
15:23 of 3rd period - Mathew Barzal wins face-off versus Corey Perry in SPOKANE KNIGHTS zone.
15:30 of 3rd period - Shot by Martin Necas.
15:30 of 3rd period - Shot Misses the Net.
15:32 of 3rd period - Shot by Martin Necas.
15:32 of 3rd period - Stopped by Frederik Andersen without a rebound.
15:33 of 3rd period - Dylan Cozens wins face-off versus Quinton Byfield in SPOKANE KNIGHTS zone.
15:45 of 3rd period - Icing by Joshua Morrissey.
15:46 of 3rd period - Dylan Cozens wins face-off versus Joseph Veleno in SALEM BLACK JAYS zone.
15:56 of 3rd period - Icing by Nick Jensen.
15:57 of 3rd period - Dylan Cozens wins face-off versus Nicklas Backstrom in SALEM BLACK JAYS zone.
16:13 of 3rd period - Dylan Cozens is hit by Evan Bouchard and loses puck.
16:18 of 3rd period - Shot by Dylan Cozens.
16:18 of 3rd period - Stopped by Frederik Andersen without a rebound.
16:19 of 3rd period - Dylan Larkin wins face-off versus Joseph Veleno in SPOKANE KNIGHTS zone.
17:01 of 3rd period - Mitchell Marner is hit by Callan Foote and loses puck.
17:16 of 3rd period - Jonathon Merrill is hit by Mikko Rantanen and loses puck.
17:27 of 3rd period - Shot by Evan Bouchard.
17:27 of 3rd period - Shot Misses the Net.
17:29 of 3rd period - Shot by Nicklas Backstrom.
17:29 of 3rd period - Shot Misses the Net.
17:31 of 3rd period - Shot by Jonathon Merrill.
17:31 of 3rd period - Shot Blocked by Scott Mayfield.
17:33 of 3rd period - Shot by Jonathon Merrill.
17:33 of 3rd period - Shot Misses the Net.
18:21 of 3rd period - Shot by Kevin Stenlund.
18:21 of 3rd period - Shot Blocked by Cody Ceci.
18:23 of 3rd period - Shot by Kevin Stenlund.
18:23 of 3rd period - Stopped by Anthony Stolarz without a rebound.
18:24 of 3rd period - Dylan Cozens wins face-off versus Shane Pinto in SALEM BLACK JAYS zone.
18:29 of 3rd period - Off-side.
18:30 of 3rd period - Shane Pinto wins face-off versus Dylan Cozens in neutral zone.
18:36 of 3rd period - Icing by Matt Benning.
18:37 of 3rd period - Joseph Veleno wins face-off versus Dylan Cozens in SALEM BLACK JAYS zone.
18:37 of 3rd period - Joseph Veleno is hit by Matt Benning.
19:16 of 3rd period - SALEM BLACK JAYS, Anthony Stolarz is pulled from the net.
19:46 of 3rd period - Shot by Anthony Duclair.
19:46 of 3rd period - Deflect By Lias Andersson.
19:46 of 3rd period - Goal by Lias Andersson - SPOKANE KNIGHTS : 5 - SALEM BLACK JAYS : 3.
19:46 of 3rd period - Anthony Stolarz from SALEM BLACK JAYS was sent back in the game.
19:47 of 3rd period - Quinton Byfield wins face-off versus Mathew Barzal in neutral zone.
19:54 of 3rd period - Off-side.
19:55 of 3rd period - Mathew Barzal wins face-off versus Nicklas Backstrom in neutral zone.
19:58 of 3rd period - Nicklas Backstrom is hit by Barrett Hayton and loses puck.
Goals for this period are 3 for SPOKANE KNIGHTS vs 1 for SALEM BLACK JAYS.
Shots for this period are 7 for SPOKANE KNIGHTS vs 14 for SALEM BLACK JAYS.


BLAKE
WHEELER
STEVEN
STAMKOS
DREW
DOUGHTY

EAST COAST

HOCKEY LEAGUE

  • 63.RHI2PIT5
  • 64.WOR4ATL3
  • 65.QUECHW
  • 66.CHATRV